Unix xNetHack Version 8.0.0 - last build Jan 15 2024 03:47:00 (be4d3c81716514284228e1a23197c27ddb32b841). Game began 2024-02-27 18:51:07, ended 2024-03-08 15:45:56. HungryMotu, neutral male human Caveman .................................................................... ...)......---#--#------.................--#-#--..1...W5....-------.. .........---.....)#.. |.................|....%|-------------.....|.. .......----...[...)#.----........%........#^....-...^.......-......|.. ......---...........|--......--#-#-#--.....|....+|.+----.....|......|.. ..........#..........----........|.......|.....--------||1X|...--|..-----.. .......?..|...)...---|...........|.......|......|..=....|------- |.....|... .......----|----------------------.......-------|.......|.....& &|.....|... <......|.......|^&..%.....&..&..&.........&..&..|-----|-|....&@|--%....|.). .......-)......+))%*).).........................-.......|...4&&&&%)....|... .......+.......-[%...%......^...................-...^...|.4....[%))....|... .......|.......|.&..&..&..&..&..&.........&..&..|-----|-|......|--.....|... ....----|----------------------.......-------|.......|...... |.....|... .......|.......---- .......|......|..^....|------ |.....|... .......#..........---- .......|....%---|----+- & --------.. ......---...........| - -#-#--.....|.....| & |[. .......----........#. -.................#.....| |.. .....%...---......# |................%|.....|------------- |.. ..........---#--#------.................--#-#--............-------.. .................................)................................. HungryMotu the Nomad St:18/35 Dx:18 Co:18 In:15 Wi:15 Ch:10 Neutral S:633245 Dlvl:31 $:6243 HP:0(173) Pw:97(97) AC:-32 Wither Hungry Burdened Blind Fly Xp:25/375106 T:28908 Latest messages: Asmodeus casts a spell at you! You're covered in frigid frost. You partially resist the effects. What do you want to wield? [- biq or ?*] q - the blessed +6 Big Stick (weapon in hand) {30}. Asmodeus claws you! You strike Asmodeus. It misses! It misses! The bone devil claws you! The bone devil misses! Asmodeus claws you! Asmodeus casts a spell at you! You're covered in frigid frost. You partially resist the effects. What do you want to put on? [gjwCGHQ or ?*] You feel invigorated! w - an uncursed ring of regeneration (on right hand) {3}. The bone devil misses! The bone devil misses! The bone devil misses! The bone devil just misses! The bone devil impales you! The bone devil stings! Asmodeus claws you! You hear a mumbled curse. What do you want to use or apply? [acdilmor-uzABEJ-MOQ-SU-WYZ or ?*] You have a little trouble removing F - 2 uncursed potions of full healing {40}. You hear a chugging sound. For some reason, the invisible horned devil's presence is known to you. You feel aggravated at the invisible horned devil. It scratches you! It touches you! Your dwarvish ring mail deflects the bone devil's attack. Your iron shield of reflection blocks the bone devil's attack. The bone devil misses! The bone devil misses! Asmodeus claws you! Asmodeus knocks you back with a forceful strike! Ouch! Something intones a terrible chant! Dark energy surrounds you... Your mind twists! You die... Do you want your possessions identified? [ynq] (y) Do you want to see your attributes? [ynq] (y) Do you want an account of creatures vanquished? [ynaq] (y) Do you want a list of species genocided? [ynaq] (y) Do you want to see your conduct and achievements? [ynq] (y) Do you want to see the dungeon overview? [ynq] (y) Inventory: Inventory: 1033/1000 weight (48/52 slots) Coins $ - 6243 gold pieces {62} Amulets f - an uncursed amulet of flying (being worn) {20} Weapons b - a blessed +4 sling (alternate weapon; not wielded) {3} q - the blessed +6 Big Stick (weapon in hand) {30} Armor D - a blessed +5 helm of telepathy (being worn) {38} I - an uncursed +0 pair of gauntlets of power {30} y - a blessed +5 pair of speed boots (being worn) {15} X - a blessed +4 iron shield of reflection (being worn) {33} k - an uncursed fireproof +2 cloak of protection (being worn) {8} n - a blessed +5 Hawaiian shirt with a water nymph motif (being worn) {4} p - a blessed black-scaled +3 dwarvish ring mail (being worn) {180} Comestibles e - an uncursed pear {2} Potions F - 2 uncursed potions of full healing {40} Rings C - an uncursed +2 ring of carrying {3} T - an uncursed ring of cold resistance (on left hand) {3} H - an uncursed ring of free action {3} g - an uncursed ring of levitation {3} w - an uncursed ring of regeneration (on right hand) {3} G - an uncursed ring of shock resistance {3} j - an uncursed ring of teleport control {3} Wands r - a wand of cancellation (0:4) {7} K - a wand of cancellation (0:3) {7} z - a wand of cold (0:2) {7} Z - a wand of digging (0:5) {7} O - a wand of digging (0:4) {7} a - a wand of fire (0:6) {7} S - a wand of fire (0:6) {7} u - a wand of locking (0:3) {7} A - a wand of make invisible (0:3) {7} M - a blessed wand of sleep (0:4) {7} o - a wand of sleep (0:6) {7} J - a wand of sleep (0:5) {7} m - a wand of sleep (0:2) {7} U - a wand of slow monster (0:3) {7} s - a wand of striking (0:6) {7} E - a wand of striking (0:4) {7} W - a wand of striking (0:0) {7} Y - a wand of striking (0:0) {7} B - a wand of teleportation (0:4) {7} Tools L - a blessed greased bag of holding containing 48 items {332} t - the Bell of Opening (0:3) {10} V - an uncursed magic lamp (lit) {20} c - an uncursed magic whistle {3} R - an uncursed silver skeleton key {3} l - an uncursed stethoscope {4} Q - an uncursed towel {2} i - a blessed +0 unicorn horn {20} Gems/Stones N - a blessed luckstone {10} d - an uncursed touchstone {10} Contents of the bag of holding: an uncursed silver amulet of magical breathing an uncursed iron amulet of reflection the rustproof +0 Giantslayer the rustproof +0 Mjollnir the blessed rustproof +7 Vorpal Blade 8 uncursed K-rations an uncursed lizard corpse 4 blessed scrolls of blank paper 21 uncursed scrolls of blank paper a cursed scroll of blank paper a blessed scroll of charging 3 uncursed scrolls of charging an uncursed scroll of enchant armor an uncursed scroll of food detection an uncursed scroll of genocide 2 uncursed scrolls of identify 3 uncursed scrolls of magic mapping a blessed scroll of remove curse a cursed scroll of remove curse 2 blessed scrolls of teleportation 9 uncursed scrolls of teleportation 6 potions of holy water 11 uncursed potions of water an uncursed diluted potion of extra healing a blessed potion of gain level 3 uncursed potions of invisibility 2 uncursed potions of levitation 2 uncursed potions of object detection a blessed potion of paralysis an uncursed potion of paralysis 2 blessed potions of restore ability a cursed potion of sickness a cursed potion of sleeping an uncursed potion of speed an uncursed ring of free action an uncursed ring of levitation an uncursed ring of poison resistance an uncursed ring of polymorph control an uncursed ring of searching a blessed wand of digging (0:0) a wand of digging (0:5) a wand of digging (0:4) a wand of digging (0:0) a wand of secret door detection (0:13) a wand of secret door detection (0:14) a wand of sleep (0:8) 5 uncursed tallow candles 5 cursed wax candles HungryMotu the Caveman's attributes: Background: You were a Nomad, a level 25 human Caveman. You were neutral, on a mission for Ishtar who was opposed by Anu (lawful) and Anshar (chaotic). You started out female. You were heterosexual. You were in Cocytus, on level 31. You entered the dungeon 28908 turns ago. You had 375106 experience points, 36894 more were needed for level 26. Your score was 633245 before end-of-game adjustments. Basics: You had 0 out of 173 hit points. You had all 97 energy points (spell power). Your armor class was -32. Your wallet contained 6243 zorkmids. Autopickup was off. Final Characteristics: Your strength was 18/35 (limit:18/100). Your dexterity was 18 (limit:18). Your constitution was 18 (limit:18). Your intelligence was 15 (limit:18). Your wisdom was 15 (limit:18). Your charisma was 10 (limit:18). Final Status: You were flying. You were withering away. You were indefinitely blind. You were hungry. You were burdened; movement was slightly slowed. You were wielding a club. You had expert skill with club. Final Attributes: You were the Envoy of Balance. You were piously aligned. You were magic-protected. You were fire resistant. You were cold resistant. Your items were protected from cold. You were sleep resistant. You were disintegration resistant. Your items were protected from disintegration. You were shock resistant. You were poison resistant. You were level-drain resistant. You were telepathic. You were warned. You were stealthy. You could teleport. You regenerated. You had a small defense bonus (+4). You were protected. You were very fast. You had reflection. You were extremely unlucky. You had extra luck. Bad luck did not time out for you. You were doomed. You are dead. Miscellaneous: You never encountered a bones level. Total elapsed playing time was 10 hours, 49 minutes and 51 seconds. Major events: Turn 1: HungryMotu the neutral human Cavewoman entered the dungeon 730: attained the rank of Aborigine (level 3) 1478: entered the Gnomish Mines 2745: attained the rank of Wanderer (level 6) 6290: acquired the Mines' End luckstone 7845: attained the rank of Vagrant (level 10) 7941: entered Sokoban 8446: completed 1st Sokoban level 9047: completed 2nd Sokoban level 9401: completed 3rd Sokoban level 10062: completed 4th Sokoban level 10436: acquired the Sokoban amulet of reflection 12821: entered the Bigroom 13199: was bestowed with Giantslayer by Ishtar 16073: attained the rank of Wayfarer (level 14) 17335: became Ishtar's Envoy of Balance 17335: was bestowed with Vorpal Blade 17477: performed her first genocide (class e) 17478: genocided class L 19415: found Big Stick on the floor 19427: killed the invisible Tiamat 19435: acquired the Bell of Opening 22722: was bestowed with Mjollnir by Ishtar 22997: killed Medusa 23036: read a Discworld novel 23406: attained the rank of Roamer (level 18) 23837: made her first wish - "blessed greased bag of holding", got "a greased bag" 26525: entered Gehennom 26908: attained the rank of Nomad (level 22) 27401: killed Cerberus 28908: killed by hearing the Dark Speech, while moving through the air Vanquished creatures: Medusa an iron golem a ki-rin a glass golem Tiamat Cerberus 5 purple worms a gold dragon 6 red dragons 3 white dragons 2 black dragons 3 green dragons 3 minotaurs 6 baluchitheria a stone golem 2 Olog-hai a master mind flayer 2 Nazgul a pit fiend 4 hell hounds 4 displacer beasts 3 titanotheres a genetic engineer 2 vampire leaders a shade 38 skeletons 2 captains a lich 4 water trolls a clay golem 5 nurses 7 ice devils 4 nalfeshnees 4 lurkers above 3 frost giants 3 ettins a golden naga 2 black puddings 14 vampires 3 lieutenants 5 giant mimics 2 orc-captains 9 long worms 6 zruties a fire giant 4 ogre tyrants 4 elven monarchs 8 ice trolls 2 rock trolls an umber hulk 2 mind flayers a doppelganger 10 hezrous 8 bone devils 3 large mimics 4 wumpuses 2 couatls 9 stalkers 4 fire elementals 17 hill giants 2 giant mummies a black naga 2 elf-nobles 6 xorns 11 giant zombies 9 sergeants 16 barbed devils 8 vrocks 3 wargs 6 winter wolves 4 hell hound pups 9 small mimics 3 glass piercers 2 warhorses 4 xans 3 ettin mummies 3 ogre leaders 28 trolls 6 quantum mechanics a wood golem 3 mariliths 4 sharks 2 gelatinous cubes 2 pyrolisks 2 large dogs a freezing sphere a large cat 5 tigers 4 gargoyles 2 dwarf rulers 9 tengu 2 leocrottas an energy vortex a mountain centaur 8 stone giants 7 elf mummies 2 human mummies 2 red nagas a green slime 3 Grey-elves a python 2 pit vipers 2 cobras 30 wraiths 2 carnivorous apes 12 ettin zombies a leather golem 66 soldiers 8 amorous demons 12 horned devils a chameleon 2 crocodiles 9 giant beetles 3 quivering blobs 11 cockatrices 8 wolves 4 winter wolf cubs a lynx 25 gremlins 2 spotted jellies 4 leprechauns 3 mountain nymphs 4 iron piercers 7 giant spiders a scorpion 2 horses 4 ice vortices 2 black lights 7 vampire bats 2 forest centaurs 2 gnome rulers an orc mummy 2 dwarf mummies 3 ogres 2 brown puddings 3 Green-elves 7 rust monsters 8 owlbears 5 yetis 2 gold golems 3 werewolves 7 giant eels 9 lizards a neanderthal a chickatrice 2 dingoes 6 jaguars 2 dwarf leaders 3 blue jellies 7 water nymphs 2 white unicorns a black unicorn 2 dust vortices 3 ravens 3 plains centaurs 2 gnome mummies 5 Woodland-elves 2 snakes 3 water moccasins 33 ghosts an ape 12 human zombies 3 rope golems 74 soldier ants 2 fire ants 8 imps 11 lemures 4 quasits 3 wood nymphs 67 bugbears 3 Mordor orcs 5 Uruk-hai 2 orc shamans 6 rock piercers 6 rock moles 2 ponies 5 fog clouds 6 yellow lights 4 shriekers 5 violet fungi 2 black molds 20 gnome leaders 9 gnomish wizards a kobold mummy a red naga hatchling 3 gray oozes 3 barrow wights 12 elf zombies 15 ghouls a straw golem 2 paper golems 9 giant ants 2 little dogs 4 floating eyes 3 kittens 20 dwarves 6 homunculi 3 kobold leaders 4 kobold shamans 9 hill orcs 23 rothes 2 rabid rats 3 centipedes 2 giant bats 4 monkeys 9 orc zombies 25 dwarf zombies 3 wererats a werejackal 10 iguanas 18 killer bees 41 giant flies an acid blob 8 coyotes 38 gas spores 5 hobbits 3 manes 2 large kobolds 19 hobgoblins 5 giant rats 8 cave spiders 6 brown molds 6 yellow molds 2 green molds 5 red molds 63 gnomes 3 garter snakes 5 gnome zombies 8 geckos 5 jackals 2 foxes 4 kobolds 10 goblins 4 sewer rats 5 grid bugs 2 bats 6 lichens 7 kobold zombies 9 newts 1550 creatures vanquished. Genocided species: arch-liches master liches demiliches liches freezing spheres flaming spheres shocking spheres floating eyes gas spores 9 species genocided. Voluntary challenges: You read items or engraved 86 times. You genocided 9 types of monsters. You never polymorphed an object. You never changed form. You used 1 wish. You did not wish for any artifacts. You were celibate. You did not violate any of the special Sokoban rules. Achievements: You entered a shop. You attained the rank of Aborigine. You entered the Gnomish Mines. You attained the rank of Wanderer. You entered a temple. You completed the Gnomish Mines. You attained the rank of Vagrant. You entered Sokoban. You completed Sokoban. You entered the Big Room. You attained the rank of Wayfarer. You had the Bell of Opening. You defeated Medusa. You read from a Discworld novel. You attained the rank of Roamer. You entered Gehennom. You attained the rank of Nomad. Dungeon overview: The Dungeons of Doom: levels 1 to 25 Level 1: Level 2: An armor shop, a grave. Level 3: A general store. Level 4: An armor shop. Stairs down to The Gnomish Mines. Level 5: A scroll shop, a tree. Level 6: A grave. Level 7: A tree. Level 8: A grave. Level 9: Many fountains. Oracle of Delphi. Level 10: Stairs up to Sokoban, level 9. Level 11: Level 12: A sink. Level 13: An altar to Ishtar. Level 14: A very big room. Level 15: An altar to Ishtar. Portal to The Quest. Level 16: A sink. Level 17: An untended shop, some altars, a sink. Level 18: A fountain, some graves. Level 19: A fountain, a sink. Level 20: An altar to Ishtar, some fountains, some sinks. Level 21: An altar to Ishtar, some fountains. Level 22: Level 23: A fountain. Level 24: A fountain. Level 25: A fountain. The castle. Connection to Gehennom. Gehennom: levels 26 to 28 Level 26: A temple, many graves. Valley of the Dead. Level 27: Level 28: Stairs down to Cocytus. The Gnomish Mines: levels 5 to 12 Level 5: Level 6: Level 7: Many shops, a temple, some fountains. Level 8: Level 9: Level 10: Level 11: Level 12: A fountain. The Quest: levels 1 to 6 Level 1: A temple to Ishtar. Completed quest for Shaman Karnov. Level 2: Level 3: Level 4: Level 5: Level 6: Sokoban: levels 9 up to 6 Level 6: Solved. Level 7: Solved. Level 8: Solved. Level 9: Solved. Cocytus: levels 29 to 31 Level 29: Level 30: Level 31: <- You were here. Final resting place for you, killed by hearing the Dark Speech, while moving through the air. Game over: __________ / \ / REST \ / IN \ / PEACE \ / \ | HungryMotu | | 6243 Au | | killed by | | hearing the Dark | | Speech | | | | 2024 | *| * * * | * _________)/\\_//(\/(/\)/\//\/|_)_______ Goodbye HungryMotu the Caveman... You died in Cocytus on dungeon level 31 with 632621 points, and 6243 pieces of gold, after 28908 moves. You were level 25 with a maximum of 173 hit points when you died.